 Dungeon Crawl Stone Soup version 0.23-a0-767-gdc19b93 (webtiles) character file.

4223 Monsterracer the Slicer (level 9, -3/112 HPs)
             Began as a Demigod Assassin on Jan 19, 2019.
             Slain by a hellwing (6 damage)
             ... on level 6 of the Dungeon.
             The game lasted 00:14:26 (8026 turns).

Monsterracer the Slicer (Demigod Assassin)          Turns: 8026, Time: 00:14:27

Health: -3/112     AC: 24    Str: 18    XL:     9   Next: 83%
Magic:  14/14      EV:  2    Int: 17    God:
Gold:   104        SH:  0    Dex: 17    Spells: 3/8 levels left

rFire    . . .     SeeInvis .   (no weapon)
rCold    . . .     Gourm    .   (no shield)
rNeg     + + +     Faith    .   (armour currently unavailable)
rPois    +         Spirit   .   (helmet currently unavailable)
rElec    .         Reflect  .   (cloak currently unavailable)
rCorr    .         Harm     .   (gloves currently unavailable)
MR       .....     NoTele   +   (boots currently unavailable)
Stlth    +++.......             (no amulet)
HPRegen  0.28/turn              k - +5 ring of evasion
MPRegen  0.14/turn              y - ring of wizardry

@: tree-form
A: high mp 1
a: no special abilities


You were on level 6 of the Dungeon.
You were not hungry.
You were a tree.
You visited 1 branch of the dungeon, and saw 7 of its levels.

You collected 248 gold pieces.
You spent 144 gold pieces at shops.

Inventory:

Hand Weapons
 a - a +3 rapier of draining
 b - a +1 blowgun
Missiles
 e - 7 poisoned needles
 f - 6 curare-tipped needles
Armour
 d - a +1 cloak (melded)
 j - a +1 pair of gloves (melded)
 u - a +0 pair of boots (melded)
 B - a +1 leather armour of cold resistance (melded)
 C - a +0 plate armour of fire resistance
Jewellery
 k - a +5 ring of evasion (left branch)
 y - a ring of wizardry (right branch)
Wands
 o - a wand of disintegration (4)
Scrolls
 g - 3 scrolls of teleportation {!r}
 h - 2 scrolls of blinking
 i - 4 scrolls of identify
 m - 2 scrolls of amnesia
 p - 2 scrolls of enchant weapon
 q - 2 scrolls of remove curse
 D - a scroll of fear {!r}
Potions
 l - 2 potions of berserk rage {!q}
 r - a potion of haste
 s - a potion of invisibility
 t - 5 potions of curing
 w - a potion of might
 x - a potion of brilliance
 z - a potion of agility
Comestibles
 c - 11 rations
 A - 3 chunks of flesh


   Skills:
 + Level 6.2 Fighting
 * Level 9.6 Short Blades
   Level 3.4(3.5) Axes
   Level 1.2(2.5) Maces & Flails
 - Level 1.7 Throwing
 - Level 3.0 Dodging
 - Level 4.4 Stealth
 + Level 3.5 Hexes
 + Level 2.5 Evocations


You had 3 spell levels left.
You knew the following spells:

 Your Spells              Type           Power        Failure   Level  Hunger
b - Ensorcelled Hibernat  Hex/Ice        #.....       7%          2    ###....
c - Confuse               Hex            ##......     7%          3    ####...

Your spell library contained the following spells:

 Spells                   Type           Power        Failure   Level  Hunger
 Corona                   Hex            ##.....      2%          1    ##.....
 Tukima's Dance           Hex            ##......     7%          3    ####...
 Dazzling Spray           Conj/Hex       #.....       14%         3    ####...


Dungeon Overview and Level Annotations

Branches:
Dungeon (7/15)             Temple (0/1) D:5

Shops:
D:4 (:(!   D:6 !


Innate Abilities, Weirdness & Mutations

You have an increased reservoir of magic. (+10% MP)


Message History

You smack the hellwing!
The hellwing is heavily wounded.
The hellwing hits you but does no damage. x2
You closely miss the hellwing.
The hellwing is heavily wounded.
The hellwing hits you but does no damage.
The hellwing hits you.
* * * LOW HITPOINT WARNING * * *
You take 3 damage, and have 23/112 hp.
You hit the hellwing.
The hellwing is heavily wounded.
The hellwing hits you but does no damage. x2
You hit the hellwing but do no damage.
The hellwing is heavily wounded.
The hellwing hits you but does no damage. x2
You closely miss the hellwing.
The hellwing is heavily wounded.
The hellwing hits you but does no damage.
The hellwing hits you.
* * * LOW HITPOINT WARNING * * *
You take 4 damage, and have 20/112 hp.
You barely miss the hellwing.
The hellwing is heavily wounded.
The hellwing hits you but does no damage. x2
You hit the hellwing but do no damage.
The hellwing is heavily wounded.
The hellwing hits you but does no damage.
The hellwing barely misses you.
You hit the hellwing.
The hellwing is heavily wounded.
The hellwing hits you but does no damage. x2
You barely miss the hellwing.
The hellwing is heavily wounded.
The hellwing hits you but does no damage. x2
You hit the hellwing but do no damage.
The hellwing is heavily wounded.
The hellwing hits you but does no damage. x2
You smack the hellwing!
The hellwing is severely wounded.
The hellwing hits you but does no damage.
The hellwing completely misses you.
You smack the hellwing!
The hellwing is almost dead.
The hellwing hits you but does no damage. x2
You hit the hellwing but do no damage.
The hellwing is almost dead.
The hellwing hits you but does no damage. x2
You hit the hellwing but do no damage.
The hellwing is almost dead.
The hellwing completely misses you. The hellwing hits you.
* * * LOW HITPOINT WARNING * * *
You take 1 damage, and have 21/112 hp.
You hit the hellwing but do no damage.
The hellwing is severely wounded.
The hellwing hits you!
* * * LOW HITPOINT WARNING * * *
The hellwing completely misses you.
You take 7 damage, and have 14/112 hp.
You hit the hellwing.
The hellwing is almost dead.
The hellwing hits you but does no damage.
The hellwing hits you.
* * * LOW HITPOINT WARNING * * *
You take 3 damage, and have 11/112 hp.
You hit the hellwing but do no damage.
The hellwing is almost dead.
The hellwing hits you but does no damage.
The hellwing hits you.
* * * LOW HITPOINT WARNING * * *
You take 3 damage, and have 8/112 hp.
You hit the hellwing but do no damage.
The hellwing is almost dead.
The hellwing hits you!
* * * LOW HITPOINT WARNING * * *
The hellwing barely misses you.
You take 6 damage, and have 2/112 hp.
Evoke which item? (* to show all) (? for menu, Esc to quit)
Aiming: Disintegrate
Press: ? - help, Shift-Dir - straight line, f - hellwing
Aim: a hellwing (severely wounded, chance to defeat MR: 43%)
The hellwing resists with some effort.
The hellwing hits you but does no damage. x2
Evoke which item? (* to show all) (? for menu, Esc to quit)
Aiming: Disintegrate
Press: ? - help, Shift-Dir - straight line, f/p - hellwing
Aim: a hellwing (severely wounded, chance to defeat MR: 43%)
The hellwing resists with some effort.
The hellwing hits you but does no damage. x2
Evoke which item? (* to show all) (? for menu, Esc to quit)
Aiming: Disintegrate
Press: ? - help, Shift-Dir - straight line, f/p - hellwing
Aim: a hellwing (severely wounded, chance to defeat MR: 43%)
The hellwing resists with some effort.
The hellwing hits you but does no damage. x2
Evoke which item? (* to show all) (? for menu, Esc to quit)
Aiming: Disintegrate
Press: ? - help, Shift-Dir - straight line, f/p - hellwing
Aim: a hellwing (severely wounded, chance to defeat MR: 43%)
The hellwing resists with some effort.
The hellwing hits you.
You die...

#####......#.#.##.
#...'......#.#.##.
#.###......#.#....
#.#...[......####.
#.#...............
#.###.......###### #.#
#.....).# #
##.###.####)#######
#.♣......).........
######4.##########.#####
#..................###
#.##.#..#.########...###
#................'..('..
#..P.P..#.########...###
##.._...#.# #<......
#...P.##.# #....##.
#.....##.# #....##.


You could see a hellwing.

Vanquished Creatures
  A hellwing (D:7)
  Sigmund (D:6)
  An orc warrior (D:6)
  An ice beast (D:6)
  A phantom (D:5)
  2 black bears (D:6)
  5 ogres
  3 centaurs
  3 bullfrogs
  A scorpion (D:6)
  A howler monkey (D:6)
  6 crimson imps
  4 centaur zombies
  A bullfrog zombie (D:6)
  A hound (D:5)
  3 orc priests
  3 centaur skeletons
  2 iguanas (D:4)
  Jessica (D:3)
  4 orc wizards
  A hound zombie (D:6)
  A hound skeleton (D:4)
  3 gnolls (D:6)
  10 adders
  A howler monkey skeleton (D:6)
  6 shadow imps
  2 adder zombies (D:6)
  2 worms
  A dart slug (D:1)
  8 leopard geckos
  29 orcs
  2 ball pythons
  9 bats
  6 giant cockroaches
  2 goblins
  7 hobgoblins
  9 jackals
  3 kobolds (D:1)
  5 quokkas
  3 frilled lizards
  A leopard gecko skeleton (D:4)
  A leopard gecko zombie (D:6)
  A quokka skeleton (D:4)
  9 rats
167 creatures vanquished.

Vanquished Creatures (others)
  8 withered plants (D:7)
8 creatures vanquished.

Grand Total: 175 creatures vanquished

Notes
Turn   | Place    | Note
-------+----------+-------------------------------------------
     0 | D:1      | Monsterracer the Demigod Assassin began the quest for the
                  | Orb.
     0 | D:1      | Reached XP level 1. HP: 17/17 MP: 3/3
   228 | D:1      | Reached XP level 2. HP: 23/25 MP: 4/4
  1003 | D:2      | Reached XP level 3. HP: 31/31 MP: 5/5
  1297 | D:2      | HP: 14/33 [quokka (3)]
  1308 | D:2      | HP: 13/33 [quokka (3)]
  1536 | D:2      | Found a radiant altar of Vehumet.
  1638 | D:3      | Noticed Jessica
  1652 | D:3      | HP: 7/33 [Jessica/nerve-wracking pain (12)]
  1655 | D:3      | Killed Jessica
  1655 | D:3      | Reached skill level 1 in Dodging
  1655 | D:3      | Reached XP level 4. HP: 14/40 MP: 6/6
  2092 | D:3      | You fall through a shaft!
  2101 | D:4      | HP: 19/40 [iguana (11)]
  2474 | D:3      | Found a shimmering altar of Xom.
  2476 | D:3      | Found a glowing silver altar of Zin.
  2489 | D:3      | Found a white marble altar of Elyvilon.
  2640 | D:3      | Reached XP level 5. HP: 41/47 MP: 7/7
  2953 | D:3      | Reached skill level 1 in Maces & Flails
  3034 | D:4      | HP: 19/47 [orc priest/divine providence (13)]
  3038 | D:4      | Reached skill level 1 in Axes
  3284 | D:4      | Found a basalt altar of Yredelemnul.
  3284 | D:4      | Found a shadowy altar of Dithmenos.
  3308 | D:4      | Found a hide-covered altar of Uskayaw.
  3310 | D:4      | Found a stormy altar of Qazlal.
  3312 | D:4      | Found a deep blue altar of Sif Muna.
  3381 | D:4      | HP: 20/47 [iguana (8)]
  3396 | D:4      | HP: 18/47 [iguana (5)]
  3397 | D:4      | Reached XP level 6. HP: 21/55 MP: 8/8
  3816 | D:4      | Found Hituph's Weapon Shop.
  3818 | D:4      | Found Naisin's Distillery.
  3819 | D:4      | Found Imuozel's Antique Weapon Shop.
  3825 | D:4      | Found Modo's Book Shop.
  3827 | D:4      | Bought a potion of heal wounds for 60 gold pieces
  3827 | D:4      | Bought a potion of lignification for 36 gold pieces
  3827 | D:4      | Bought a potion of might for 48 gold pieces
  3930 | D:4      | Reached skill level 2 in Short Blades
  4778 | D:4      | Learned a level 2 spell: Ensorcelled Hibernation
  4782 | D:4      | Learned a level 3 spell: Confuse
  4783 | D:5      | Entered Level 5 of the Dungeon
  4793 | D:5      | Reached skill level 3 in Short Blades
  4843 | D:5      | Reached XP level 7. HP: 40/60 MP: 9/9
  4967 | D:5      | Reached skill level 4 in Short Blades
  5160 | D:5      | Reached skill level 5 in Short Blades
  5775 | D:5      | Found a staircase to the Ecumenical Temple.
  5842 | D:5      | Got a pitted wooden ring
  5853 | D:5      | Identified the ring "Aphos" {*Tele Int+7 Stlth-} (You found
                  | it on level 5 of the Dungeon)
  5885 | D:6      | HP: 28/60 [centaur (7)]
  5889 | D:6      | Reached skill level 6 in Short Blades
  5891 | D:6      | HP: 20/60 [bullfrog (5)]
  5907 | D:6      | Reached XP level 8. HP: 25/67 MP: 10/10
  6132 | D:6      | Found Kiut's Distillery.
  6174 | D:6      | Reached skill level 7 in Short Blades
  6543 | D:6      | Noticed Sigmund
  6566 | D:6      | Reached skill level 8 in Short Blades
  6583 | D:6      | Killed Sigmund
  6583 | D:6      | Reached skill level 5 in Fighting
  6761 | D:6      | Reached skill level 1 in Hexes
  6921 | D:6      | Found a bloodstained altar of Trog.
  7297 | D:7      | Noticed a hellwing
  7313 | D:7      | Reached XP level 9. HP: 72/74 MP: 11/11
  7327 | D:7      | HP: 34/74 [hellwing (11)]
  7404 | D:7      | HP: 31/74 [centaur warrior zombie (2)]
  7409 | D:7      | HP: 26/74 [centaur warrior zombie (6)]
  7414 | D:7      | HP: 17/74 [centaur warrior zombie (1)]
  7417 | D:7      | Reached skill level 9 in Short Blades
  7417 | D:7      | Reached skill level 1 in Evocations
  7419 | D:7      | Found a glowing golden altar of the Shining One.
  7458 | D:7      | HP: 23/74 [centaur warrior zombie (3)]
  7767 | D:7      | Killed a hellwing
  7927 | D:7      | HP: 36/75 [centaur warrior skeleton (5)]
  7932 | D:7      | HP: 26/75 [centaur warrior skeleton (5)]
  7978 | D:7      | Noticed a hellwing
  7983 | D:7      | HP: 25/75 [hellwing (10)]
  7989 | D:7      | HP: 20/75 [hellwing (3)]
  7996 | D:6      | HP: 25/112 [hellwing (3)]
  7998 | D:6      | HP: 10/112 [hellwing (5)]
  8003 | D:6      | HP: 25/112 [hellwing (2)]
  8009 | D:6      | HP: 20/112 [hellwing (4)]
  8018 | D:6      | HP: 21/112 [hellwing (1)]
  8021 | D:6      | HP: 8/112 [hellwing (3)]
  8022 | D:6      | HP: 2/112 [hellwing (7)]
  8026 | D:6      | Slain by a hellwing

Vault maps used:
D:1:      minmay_arrival_open_corners
D:2:      lemuel_coloured_pillars_altar, first_ration, minmay_crystal_water
D:3:      gammafunk_temple_overflow_forgotten, uniq_jessica
D:4:      chequers_temple_overflow_minitemple, minmay_shop_grid_forest
D:5:      minmay_temple_entry_fiery
D:6:      trog_ov_bears_minmay, serial_shops, shop, uniq_sigmund
D:7:      cheibrodos_grave_circle, kennysheep_mini_moat,
          hellmonk_ghost_happy_afterlife

Skill      XL: |  1  2  3  4  5  6  7  8  9 |
---------------+----------------------------+-----
Fighting       | 2 3 4 5 6 |  6.2
Dodging        | 1 2 3 |  3.0
Maces & Flails | 1 |  1.2
Axes           | 2 3 |  3.4
Short Blades   | 3 6 8 9 |  9.6
Hexes          | 2 3 |  3.5
Stealth        | 4 |  4.4
Evocations     | 2 |  2.5
Throwing       | |  1.7

Action                   |  1- 3 |  4- 6 |  7- 9 || total
-------------------------+-------+-------+-------++-------
Melee: Dagger            |   115 |   135 |       ||   250
       Unarmed           |     1 |       |    27 ||    28
       Hand axe          |       |    41 |       ||    41
       Rapier            |       |    30 |   407 ||   437
 Fire: Blowgun           |       |     4 |       ||     4
 Cast: Ensorcelled Hiber |       |       |     2 ||     2
       Confuse           |       |       |    12 ||    12
Evoke: Wand              |       |       |     8 ||     8
  Use: Potion            |     1 |       |     2 ||     3
       Scroll            |       |    13 |     4 ||    17
 Stab: Sleeping          |     7 |    10 |     3 ||    20
       Distracted        |     1 |       |       ||     1
       Confused          |       |       |     5 ||     5
  Eat: Chunk             |     2 |    10 |    13 ||    25
Armor: Robe              |     7 |       |       ||     7
       Ring mail         |    22 |    31 |    14 ||    67
       Skin              |     1 |       |    48 ||    49
       Leather armour    |       |       |    95 ||    95
Dodge: Dodged            |    63 |   128 |   360 ||   551

Table legend:
 A = Non-vault XP
 B = Vault XP
 C = Vault XP percentage of total XP
 D = Non-vault monster count
 E = Vault monster count
 F = Vault count percentage of total count
                 A         B        C        D         E       F
            +---------+---------+-------+---------+---------+-------
      Total |    2999 |    3035 |  50.3 |     152 |      15 |   9.0
            +---------+---------+-------+---------+---------+-------
        D:1 |      41 |       0 |   0.0 |      21 |       0 |   0.0
        D:2 |      65 |       0 |   0.0 |      19 |       0 |   0.0
        D:3 |     126 |      37 |  22.7 |      16 |       1 |   5.9
        D:4 |     436 |       0 |   0.0 |      23 |       0 |   0.0
        D:5 |     759 |       0 |   0.0 |      35 |       0 |   0.0
        D:6 |    1172 |     477 |  28.9 |      27 |       3 |  10.0
        D:7 |     400 |    2521 |  86.3 |      11 |      11 |  50.0
            +---------+---------+-------+---------+---------+-------

Vault maps used:
D:1:      minmay_arrival_open_corners
D:2:      lemuel_coloured_pillars_altar, first_ration, minmay_crystal_water
D:3:      gammafunk_temple_overflow_forgotten, uniq_jessica
D:4:      chequers_temple_overflow_minitemple, minmay_shop_grid_forest
D:5:      minmay_temple_entry_fiery
D:6:      trog_ov_bears_minmay, serial_shops, shop, uniq_sigmund
D:7:      cheibrodos_grave_circle, kennysheep_mini_moat,
          hellmonk_ghost_happy_afterlife
